 Dungeon Crawl Stone Soup version 0.32-a0-441-gaf4921d101 (webtiles) character file.

Game seed: 14790646612381748855

98 Amplified the Trooper (level 4, 0/38 HPs)
             Began as a Mountain Dwarf Wanderer on Feb 23, 2024.
             Killed from afar by Natasha (8 damage)
             ... with a magic dart
             ... on level 3 of the Dungeon.
             The game lasted 00:03:48 (2133 turns).

Amplified the Trooper (Mountain Dwarf Wanderer)     Turns: 2133, Time: 00:03:50

Health: 0/38       AC: 12    Str: 21      XL:     4   Next: 44%
Magic:  6/6        EV:  8    Int: 18 (19) God:
Gold:   35         SH:  0    Dex:  9      Spells: 4/5 levels left

rFire   + . .        f - +0 whip (vamp)
rCold   . . .        (no shield)
rNeg    . . .        m - +0 chain mail
rPois   .            a - +2 hat
rElec   .            j - +0 cloak
rCorr   .            (no gloves)
SInv    .            d - +0 pair of boots
Will    .....        c - amulet "Pucwer" {Faith rF+ Int+5} Stlth
                     h - +6 ring of strength
HPRegen 0.26/turn    (no ring)
MPRegen 0.10/turn

%: random rage (3%), faith
@: confused, mighty, lethally poisoned (0 -> -11), ambrosia-drunk
A: runic magic, artefact enchanting, berserk 1, deterioration 1, mutation
resistance 1
a: no special abilities


You were on level 3 of the Dungeon.
You visited 1 branch of the dungeon, and saw 3 of its levels.

You collected 135 gold pieces.
You spent 100 gold pieces at shops.

Inventory:

Hand Weapons
 f - a +0 vampiric whip (weapon)
Armour
 a - a +2 hat (worn)
 d - a +0 pair of boots (worn)
 e - a +0 helmet
 j - a +0 cloak (worn)
 m - a +0 chain mail (worn)
Jewellery
 c - the amulet "Pucwer" (around neck) {Faith rF+ Int+5}
   (You bought it in a shop on level 2 of the Dungeon)

   [amulet of faith]

   Faith:     It allows you to gain divine favour quickly.
   Int+5:     It affects your intelligence (+5).
   rF+:       It protects you from fire.
 h - a +6 ring of strength (left hand)
Wands
 g - a wand of acid (4)
Scrolls
 b - a scroll of fear
 i - 2 scrolls of immolation
Potions
 k - 2 potions of haste
 n - a potion of ambrosia


   Skills:
 * Level 3.1 Fighting
 * Level 3.0 Maces & Flails
 - Level 1.3 Dodging
 - Level 1.0 Spellcasting
 - Level 1.5 Translocations
 - Level 2.6 Ice Magic
 + Level 2.7 Invocations


You had 4 spell levels left.
You knew the following spells:

 Your Spells              Type           Power      Damage    Failure   Level
a - Freeze                Ice            40%        1d6       11%         1

Your spell library contained the following spells:

 Spells                   Type           Power      Damage    Failure   Level
 Blink                    Tloc           12%        N/A       26%         2
 Lesser Beckoning         Tloc           12%        N/A       26%         2
 Ensorcelled Hibernation  Hex/Ice        10%        N/A       28%         2
 Magic Dart               Conj           0%         1d3       32%         1
 Ozocubu's Armour         Ice            10%        N/A       32%         3
 Searing Ray              Conj           0%         2d4       45%         2
 Fulminant Prism          Conj/Alch      0%         3d5       97%         4


Dungeon Overview and Level Annotations

Branches:
Dungeon (3/15)

Altars:

Shops:
D:2 *   D:3 (

Annotations:
D:3 Natasha


Innate Abilities, Weirdness & Mutations

Your spellcasting is much less encumbered by armour.
You can use scrolls of enchantment on lesser artefacts.
You sometimes lose your temper in combat.
Your body sometimes deteriorates upon taking damage.
You are somewhat resistant to further mutation.


Message History

It was a scroll of poison.
Aiming: Corrosive Bolt
Press: ? - help, Shift-Dir - straight line, f - Natasha
Aim: Natasha (64% to hit)
The bolt of acid hits Natasha!
Natasha is almost dead.
Natasha mumbles some strange words.
Unknown command.
Unknown command.
Casting: Freeze (safe; 11% risk of failure)
Confirm with . or Enter, or press ? or * to list all spells.
You can't see any susceptible monsters within range! (Use Z to cast anyway.) Unknown command.
You are engulfed in poison gas.
You are poisoned.
Your body deteriorates!
You feel dopey.
You feel very sick. The cerulean imp barely misses you.
Natasha barely misses you.
You miss Natasha.
Natasha is almost dead.
You are engulfed in poison gas.
You are lethally poisoned!
You feel extremely sick.
The cerulean imp hits you from afar with a +2 spear.
Natasha stares at you and mumbles some strange words.
The magic dart hits you.
* * * LOW HITPOINT WARNING * * *
Unknown command.
* * * LOW HITPOINT WARNING * * *
You feel very sick.
It was a potion of ambrosia.
You are confused.
You feel invigorated.
* * * LOW HITPOINT WARNING * * *
You feel very sick.
Unknown command.
You feel very mighty all of a sudden.
* * * LOW HITPOINT WARNING * * *
You feel very sick.
Natasha stares at you and mumbles some strange words.
The magic dart hits you!
You die...
Natasha begins licking her fur clean.

#.# ### #§# #§#
#☼# #§# ##☼###.#
#######☼§h5..#
.§§§§§§§§#
######@##
#§################
#§##..............
#§##.##.#########.
#§##.##.# #.
##§##.##.# #.
##○#.#.##.# #.
#.###.....# ##
##.#.#.#### ###


You could see Natasha and a cerulean imp (summoned).

Vanquished Creatures
  Jessica (D:2)
  Robin (D:2)
  A dart slug (D:2)
  5 ribbon worms
  4 ball pythons
  4 bats
  2 endoplasms
  2 giant cockroaches (D:1)
  11 goblins (D:2)
  7 hobgoblins
  2 kobolds (D:1)
  2 quokkas (D:2)
  4 rats
46 creatures vanquished.

Notes
Turn   | Place    | Note
-------+----------+-------------------------------------------
     0 | D:1      | Amplified the Mountain Dwarf Wanderer began the quest for
                  | the Orb.
     0 | D:1      | Amplified set off with the following items: a +0 club, a
                  | scroll of fear, a +0 robe, a +0 pair of boots; and the
                  | following spell memorised: Freeze; and the following spells
                  | available to memorise: Blink, Lesser Beckoning, Ensorcelled
                  | Hibernation, Ozocubu's Armour.
     0 | D:1      | Reached XP level 1. HP: 16/16 MP: 2/2
   313 | D:1      | Reached skill level 1 in Maces & Flails
   411 | D:1      | Reached XP level 2. HP: 24/24 MP: 3/3
   723 | D:1      | Gained mutation: Your body sometimes deteriorates upon
                  | taking damage. [potion of mutation]
   723 | D:1      | Gained mutation: You sometimes lose your temper in combat.
                  | [potion of mutation]
   723 | D:1      | Gained mutation: You are somewhat resistant to further
                  | mutation. [potion of mutation]
  1006 | D:2      | Noticed Jessica
  1047 | D:2      | Killed Jessica
  1048 | D:2      | Reached XP level 3. HP: 27/30 MP: 4/4
  1143 | D:2      | Noticed Robin
  1153 | D:2      | Killed Robin
  1155 | D:2      | Reached XP level 4. HP: 37/37 MP: 5/5
  1425 | D:2      | Found Xots's Assorted Antiques.
  1707 | D:2      | Bought a flickering silver amulet for 100 gold pieces
  1707 | D:2      | Identified the amulet "Pucwer" {Faith rF+ Int+5} (You
                  | bought it in a shop on level 2 of the Dungeon)
  1953 | D:3      | Found Punkewo's Antique Weapon Shop.
  2125 | D:3      | Noticed Natasha
  2133 | D:3      | Killed from afar by Natasha

Illustrated notes

Levels and vault maps discovered:
D:1:      evilmike_arrival_plus, layout_loops_cross, serial_rivers,
          chequers_serial_rivers_large_a, chequers_serial_rivers_micro_b,
          chequers_serial_rivers_small_b, chequers_serial_rivers_room_a
D:2:      layout_basic, serial_shops, nicolae_shop_pleasant_corner_grove,
          uniq_jessica, uniq_robin
D:3:      layout_loops_ring, serial_shops, nicolae_shop_pleasant_corner_grove,
          minivault_23, uniq_natasha

Skill      XL: |  1  2  3  4 |
---------------+-------------+-----
Maces & Flails | 1 2 3 |  3.0
Fighting       | 2 3 |  3.1
Invocations    | 2 |  2.7
Dodging        | |  1.3
Spellcasting   | |  1.0
Translocations | |  1.5
Ice Magic      | |  2.6

Action                     |  1- 3 |  4- 6 || total
---------------------------+-------+-------++-------
  Melee: Whip              |   113 |    87 ||   200
         Club              |     9 |       ||     9
   Cast: Freeze            |     2 |       ||     2
  Evoke: Wand              |       |     1 ||     1
    Use: Scroll            |     4 |     3 ||     7
         Potion            |     4 |     4 ||     8
 Armour: Robe              |    80 |    44 ||   124
         Chain mail        |       |    37 ||    37
  Dodge: Dodged            |    86 |    55 ||   141

Table legend: (Time is in decaauts)
 A = Elapsed time spent in this place.
 B = Non-inter-level travel time spent in this place.
 C = Inter-level travel time spent in this place.
 D = Time resting spent in this place.
 E = Time spent auto-exploring this place.
 F = Levels seen in this place.
 G = Mean time per level.
                   A        B        C        D        E       F      G
               +--------+--------+--------+--------+--------+-----+--------+
         Total |   2175 |   2068 |    107 |     48 |   1482 |   3 |  725.0 |
       Dungeon |   2175 |   2068 |    107 |     48 |   1482 |   3 |  725.0 |
               +--------+--------+--------+--------+--------+-----+--------+

Top non-repeatable levels by time:
     D:1: 898 daAuts
     D:2: 879 daAuts
     D:3: 397 daAuts
